 Dungeon Crawl Stone Soup version 0.30-a0-711-gf4ac18a38d (webtiles) character file.

Game seed: 15007131232535039021

4235 tilp the Fighter (level 10, -2/88 HPs)
             Began as a Meteoran Fighter on Jan 22, 2023.
             Was a Believer of Okawaru.
             Killed from afar by an electric eel (6 damage)
             ... with a bolt of electricity
             ... on level 6 of the Dungeon.
             The game lasted 00:21:55 (4856 turns).

tilp the Fighter (Meteoran Fighter)                 Turns: 4856, Time: 00:21:56

Health: -2/88      AC: 23    Str: 18    XL:     10   Next: 85%
Magic:  14/15      EV: 13    Int: 11    God:    Okawaru [**....]
Gold:   59         SH:  7    Dex: 17    Spells: 9/9 levels left

rFire   + . .      SeeInvis .    a - +0 long sword
rCold   . . .      Faith    .    c - +0 buckler
rNeg    . . .      Spirit   .    F - +2 chain mail {rF+}
rPois   +          Reflect  .    d - +0 helmet
rElec   .          Harm     .    l - +0 cloak
rCorr   .          Rampage  .    m - +1 pair of gloves
Will    +....      Clarity  +    (no boots)
Stlth   +                        (no amulet)
HPRegen 0.34/turn                f - +4 ring of protection
MPRegen 0.14/turn                j - ring of poison resistance

@: heroic, glowing
A: sense surroundings 2, otherworldly, glowing, explore regen, clarity
a: Renounce Religion, Heroism


You were on level 6 of the Dungeon.
You worshipped Okawaru.
Okawaru was pleased with you.
You visited 2 branches of the dungeon, and saw 11 of its levels.
You also visited: Bailey.

You collected 519 gold pieces.
You spent 460 gold pieces at shops.

Inventory:

Hand Weapons
 a - a +0 long sword (weapon)
 b - a +4 short sword
 i - a +4 dagger
 r - a +0 dagger of draining
Missiles
 n - 4 curare-tipped darts
 u - 7 poisoned darts (quivered)
 y - 2 silver boomerangs
 z - 2 boomerangs
 J - 3 javelins
Armour
 c - a +0 buckler (worn)
 d - a +0 helmet (worn)
 l - a +0 cloak (worn)
 m - a +1 pair of gloves (worn)
 v - a +0 plate armour
 F - a +2 chain mail of fire resistance (worn)
 K - a +0 crystal plate armour
Jewellery
 f - a +4 ring of protection (left hand)
 j - a ring of poison resistance (right hand)
 x - a ring of protection from fire
 B - a ring of fire
 D - a +4 ring of slaying
Scrolls
 e - 9 scrolls of teleportation
 g - a scroll of fog
 h - 2 scrolls of blinking
 p - 2 scrolls of fear
 s - a scroll of amnesia
 H - 2 scrolls of poison
 I - 3 scrolls of identify
 L - a scroll of brand weapon
 N - a scroll of magic mapping
Potions
 k - 3 potions of lignification
 o - 4 potions of curing
 q - a potion of might
 t - 2 potions of mutation
 w - 3 potions of brilliance
 A - a potion of invisibility {unknown}
 C - a potion of resistance
 E - a potion of cancellation
 G - a potion of flight


   Skills:
 - Level 8.0(13.0) Fighting
 - Level 8.0(13.0) Long Blades
 - Level 4.0(9.0) Throwing
 - Level 6.0(11.0) Armour
 - Level 8.0(13.0) Dodging
 - Level 4.0(9.0) Stealth
 - Level 4.0(9.0) Shields
 * Level 5.3 Invocations
 - Level 4.0 Evocations


You had 9 spell levels left.
You didn't know any spells.
Your spell library was empty.

Dungeon Overview and Level Annotations

Branches:
Dungeon (10/15) Zot: 1594  Temple (1/1) D:5 Zot: 462    Lair (0/5) D:10
 Bailey (visited)
    Orc: D:9-12

Altars:
Elyvilon
Fedhas
Gozag
Makhleb
Nemelex Xobeh
Okawaru
Qazlal
Ru
Sif Muna
Trog
Uskayaw
Wu Jian
Xom
Yredelemnul
Zin

Shops:
D:6 ?

Annotations:
D:6 eel vault


Innate Abilities, Weirdness & Mutations

You passively map the area around you.
You are easily found by Zot.
You glow in the dark.
You regain HP and MP as you explore.
You possess an exceptional clarity of mind.


Message History

The electric eel completely resists.
The bolt of electricity misses you. x2
You see here a +0 whip.
You slash the electric eel!
The electric eel is severely wounded.
A nearby plant withers and dies.
The electric eel shoots out a bolt of lightning at you!
The bolt of electricity hits you. x2
The bolt of electricity hits the electric eel.
The electric eel completely resists.
The electric eel shoots out a bolt of lightning at you!
The bolt of electricity hits you!
* * * LOW HITPOINT WARNING * * *
You hit the electric eel.
The electric eel is severely wounded.
The electric eel shoots out a bolt of lightning at you!
The bolt of electricity hits you!
* * * LOW HITPOINT WARNING * * *
The bolt of electricity hits you.
* * * LOW HITPOINT WARNING * * *
The bolt of electricity hits the electric eel.
The electric eel completely resists.
The bolt of electricity hits the electric eel.
The electric eel completely resists.
The electric eel shoots out a bolt of lightning at you!
The bolt of electricity hits the electric eel.
The electric eel completely resists.
The bolt of electricity misses you. The bolt of electricity hits you.
* * * LOW HITPOINT WARNING * * *
The bolt of electricity hits the electric eel.
The electric eel completely resists.
You slash the electric eel!
You kill the electric eel!
Okawaru accepts your kill.
You hear a splash.
The electric eel shoots out a bolt of lightning at you!
The bolt of electricity hits the electric eel.
The electric eel completely resists.
The bolt of electricity hits you!
* * * LOW HITPOINT WARNING * * *
The bolt of electricity hits you.
You die...

#.##.........###...~~##.....)..
#.#......#####~..####.##.......
#.#.....##..~~~##'..##.#.#...))
#.#.....#..#####.....#.#.#..##?
#.#.....###'..##.....#.#.....#.
#........#.....#.~.~~#.#.......
####.....#.....#.~.~.#~#....##.
#...[..#PP...#†[..~#~#..#....
#####......#=S~S@#≈≈.≈≈#~#.<###.#
...........#~.$?†##≈≈≈##~#..###.#
...........#≈≈.≈≈######~###..#...
####.......##≈≈≈##~....##....#...
##.......#####~#######........
###.....'..~~##..............
####..##########..###......
#....<..................
##################...###


You could see 2 electric eels.

Vanquished Creatures
  A yak (D:6)
  A steam dragon (D:8)
  10 orc warriors
  2 ice beasts
  2 sky beasts (D:8)
  3 wolves (D:10)
  6 centaurs
  A phantom (D:4)
  A bullfrog (D:6)
  A gnoll sergeant (D:6)
  3 necrophages
  3 scorpions
  6 wights
  6 killer bees (D:8)
  2 howler monkeys
  4 electric eels (D:6)
  A hound (D:6)
  5 jellies
  2 gnoll boudas
  An iguana (D:6)
  5 orc wizards
  15 gnolls
  An adder (D:5)
  A shadow imp (D:7)
  A white imp (D:6)
  A worm (D:2)
  2 dart slugs
  24 orcs
  3 ball pythons
  5 bats
  8 endoplasms
  A giant cockroach (D:4)
  10 goblins
  5 hobgoblins
  6 kobolds
  3 quokkas (D:1)
  A frilled lizard (D:1)
  2 rats
155 creatures vanquished.

Vanquished Creatures (others)
  An orc (Bailey)
  A fungus (D:6)
  5 plants (D:6)
7 creatures vanquished.

Grand Total: 162 creatures vanquished

Notes
Turn   | Place    | Note
-------+----------+-------------------------------------------
     0 | D:1      | tilp the Meteoran Fighter began the quest for the Orb.
     0 | D:1      | Reached XP level 1. HP: 19/19 MP: 2/2
   103 | D:1      | Reached XP level 2. HP: 26/26 MP: 3/3
   217 | D:1      | Reached skill level 1 in Dodging
   357 | D:1      | Reached XP level 3. HP: 30/31 MP: 4/4
   464 | D:2      | Found a stormy altar of Qazlal.
   601 | D:2      | Found a faded altar of an unknown god.
   895 | D:3      | Found a burning altar of Makhleb.
   982 | D:3      | Noticed a scorpion
  1012 | D:3      | Reached XP level 4. HP: 5/38 MP: 5/5
  1017 | D:3      | Gained mutation: You possess an exceptional clarity of
                  | mind. [potion of mutation]
  1054 | D:3      | Reached skill level 1 in Stealth
  1054 | D:3      | Reached XP level 5. HP: 15/46 MP: 6/6
  1362 | D:3      | Reached XP level 6. HP: 52/52 MP: 7/7
  1824 | D:4      | Reached skill level 1 in Throwing
  1824 | D:4      | Reached XP level 7. HP: 47/59 MP: 8/8
  1844 | D:5      | Entered Level 5 of the Dungeon
  1925 | D:4      | Found a shimmering blue altar of Sif Muna.
  2113 | D:4      | Reached skill level 1 in Evocations
  2178 | D:4      | You fall into a shaft and drop 2 floors!
  2279 | D:5      | Found a staircase to the Ecumenical Temple.
  2322 | D:5      | Reached XP level 8. HP: 43/67 MP: 9/9
  2326 | Temple   | Entered the Ecumenical Temple
  2435 | Temple   | Became a worshipper of Warmaster Okawaru
  2543 | D:6      | Reached skill level 5 in Fighting
  2685 | D:6      | Found Bela's Magic Scroll Emporium.
  2688 | D:6      | Bought a scroll of blinking for 82 gold pieces
  2774 | D:7      | Found a stormy altar of Qazlal.
  2963 | D:6      | Gained mutation: You passively map the area around you.
                  | [Meteoran growth]
  2963 | D:6      | Reached XP level 9. HP: 49/74 MP: 10/10
  2980 | D:6      | Reached * piety under Okawaru
  2981 | D:6      | Reached skill level 5 in Long Blades
  2981 | D:6      | Reached skill level 5 in Armour
  2984 | D:6      | Reached skill level 5 in Dodging
  3615 | D:8      | Reached ** piety under Okawaru
  3631 | D:8      | Reached XP level 10. HP: 79/86 MP: 11/11
  3886 | D:10     | Entered Level 10 of the Dungeon
  4003 | D:10     | Found a flagged portal.
  4020 | Bailey   | Entered a bailey
  4211 | Bailey   | Reached skill level 1 in Invocations
  4455 | Bailey   | Reached skill level 5 in Invocations
  4529 | D:10     | Noticed a rime drake
  4762 | D:6      | Bought a scroll of brand weapon for 104 gold pieces
  4762 | D:6      | Bought a scroll of fear for 44 gold pieces
  4762 | D:6      | Bought a scroll of identify for 22 gold pieces
  4762 | D:6      | Bought a scroll of enchant armour for 82 gold pieces
  4762 | D:6      | Bought a scroll of magic mapping for 82 gold pieces
  4762 | D:6      | Bought a scroll of poison for 44 gold pieces
  4856 | D:6      | HP: 4/88 [electric eel/bolt of electricity (7)]
  4856 | D:6      | Killed from afar by an electric eel

Illustrated notes

Levels and vault maps discovered:
D:1:      eino_arrival_cavern_d, layout_basic, serial_rivers,
          chequers_serial_rivers_micro_c, chequers_serial_rivers_marsh,
          chequers_serial_rivers_small_b, chequers_serial_rivers_small_3,
          serial_bayou_pond_e, minmay_misc_feat_tiny
D:2:      layout_loops_ring, basic_altar, ebering_ecumenical_altar_sacrificial
D:3:      layout_basic, mainiacjoe_overflow_brackets, minmay_hedge_maze
D:4:      layout_loops_cross, lemuel_tele_altar, serial_glass, glass_columns_a,
          glass_columns_b, minmay_parallelograms
D:5:      minmay_spotlight, layout_loops_ring,
          minmay_temple_entry_gardened_gates, minmay_misc_feat_five
D:6:      cheibrodos_two_vegetables, layout_rooms, serial_shops,
          kennysheep_mini_moat, dreamdust_mushroom_princess
D:7:      layout_rooms, mainiacjoe_overflow_concentric_impassable, serial_shops,
          nicolae_shop_crystal, uniq_pikel
D:8:      layout_loops_ring, serial_bayou_pond_d, kennysheep_generic_room_10
D:9:      minmay_sliced_demisemicircle, layout_basic,
          ashenzari_conservatory_becter, kennysheep_decorative_pillar
D:10:     layout_cross, grunt_temple_overflow_open, hellmonk_lair_entry_icy,
          enter_bailey_3, minmay_misc_feat_room, disabler_island
Temple:   nicolae_temple_figure_eight

Skill      XL: |  1  2  3  4  5  6  7  8  9 10 |
---------------+-------------------------------+-----
Dodging        | 1 2 3 4 6 8 |  8.0
Shields        | 4 |  4.0
Long Blades    | 3 4 6 8 |  8.0
Armour         | 4 6 |  6.0
Stealth        | 1 2 3 4 |  4.0
Fighting       | 4 5 7 8 |  8.0
Throwing       | 1 2 3 4 |  4.0
Evocations     | 1 3 4 |  4.0
Invocations    | 5 |  5.3

Action                     |  1- 3 |  4- 6 |  7- 9 | 10-12 || total
---------------------------+-------+-------+-------+-------++-------
  Melee: Long sword        |   114 |    90 |   351 |   222 ||   777
  Throw: Stone             |       |    21 |       |       ||    21
         Dart              |       |     4 |     2 |    10 ||    16
         Boomerang         |       |       |     2 |       ||     2
 Invoke: Heroism           |       |       |     2 |    10 ||    12
  Evoke: Wand              |       |       |     1 |     8 ||     9
    Use: Potion            |     1 |     7 |     2 |       ||    10
         Scroll            |       |     2 |    10 |     4 ||    16
 Armour: Scale mail        |    68 |    15 |       |       ||    83
         Skin              |       |    62 |       |       ||    62
         Plate armour      |       |    20 |    28 |       ||    48
         Chain mail        |       |       |   206 |   171 ||   377
  Dodge: Dodged            |    51 |    21 |   125 |   156 ||   353
  Block: Buckler           |    40 |    26 |    77 |    92 ||   235

Table legend: (Time is in decaauts)
 A = Elapsed time spent in this place.
 B = Non-inter-level travel time spent in this place.
 C = Inter-level travel time spent in this place.
 D = Time resting spent in this place.
 E = Time spent auto-exploring this place.
 F = Levels seen in this place.
 G = Mean time per level.
                   A        B        C        D        E       F      G
               +--------+--------+--------+--------+--------+-----+--------+
         Total |   5031 |   4174 |    857 |      3 |     13 |  12 |  419.2 |
       Dungeon |   4404 |   3585 |    819 |      0 |      0 |  10 |  440.4 |
        Temple |    137 |     99 |     38 |      0 |     13 |   1 |  137.0 |
        Bailey |    489 |    489 |      0 |      3 |      0 |   1 |  489.0 |
               +--------+--------+--------+--------+--------+-----+--------+

Top non-repeatable levels by time:
     D:3: 953 daAuts
     D:6: 869 daAuts
     D:8: 620 daAuts
     D:2: 507 daAuts
  Bailey: 489 daAuts
     D:4: 429 daAuts
     D:1: 380 daAuts
    D:10: 194 daAuts
     D:7: 179 daAuts
     D:5: 167 daAuts
  Temple: 137 daAuts
     D:9: 102 daAuts
